AoeStats
← thinker

Arena

505600324Analyzed
4v4 RM · 21d ago on Sep 10, 2026· 42m 45s· 8 players
Game mode
Random Map
Map size
Large (8 player)
Population
200
Speed
Normal
Resources
Standard
Victory
Conquest
Starting age
Dark Age
Ending age
Imperial Age
RankedLock teamsTeams togetherTeam positionsShared explorationLock speedFull tech treeHidden civsTurbo modeCheats
Victory
Defeat
🇲🇽 Goths · Mexico
967
+17
🇺🇸 Turks · United States
929
+18
🇺🇸 Persians · United States
911
+19
🇲🇽 Teutons · Mexico
776
+25
🇨🇳 Hindustanis · China
998
-20
🇨🇳 Huns · China
995
-20
🇨🇳 Khmer · China
981
-20
🇨🇳 Khmer · China
949
-19
TDMC | SpAwN_™
0:27 Loom
10:13 Feudal Age
10:42 Double-Bit Axe
10:42 Horse Collar
17:00 Castle Age
15:18 Stone Mining
17:26 Wheelbarrow
17:58 Bow Saw
17:53 Heavy Plow
19:04 Stone Shaft Mining
20:53 Gold Mining
25:11 Gold Shaft Mining
28:39 Imperial Age
26:29 Scale Barding Armor
27:36 Forging
28:11 Chain Barding Armor
28:10 Hand Cart
29:12 Iron Casting
29:22 Conscription
30:14 Two-Man Saw
30:35 Plate Barding Armor
32:54 Husbandry
33:48 Bloodlines
36:01 Blast Furnace
36:08 Crop Rotation
36:11 Elite War Elephant
37:20 Scale Mail Armor
Nemesis
11:56 Feudal Age
14:00 Double-Bit Axe
16:21 Castle Age
15:47 Loom
30:22 Imperial Age
39:05 Bow Saw
40:04 Fletching
40:15 Padded Archer Armor
41:15 Wheelbarrow
richi_maron_90
12:14 Feudal Age
17:23 Castle Age
17:43 Man-at-Arms
20:37 Fletching
36:29 Horse Collar
36:53 Pikeman
37:34 Squires
44:14 Imperial Age
42:20 Wheelbarrow
41:45 Arson
41:46 Gambesons
Alexitobb
12:41 Feudal Age
16:30 Castle Age
14:47 Double-Bit Axe
16:20 Wheelbarrow
15:37 Horse Collar
16:38 Wheelbarrow
17:44 Wheelbarrow
20:56 Loom
23:45 Bow Saw
23:49 Squires
24:00 Pikeman
28:27 Scale Mail Armor
28:24 Gold Mining
31:17 Chain Mail Armor
31:12 Forging
30:53 Fletching
31:04 Padded Archer Armor
34:41 Imperial Age
33:31 Anarchy
33:53 Hand Cart
34:59 Iron Casting
36:08 Halberdier
38:17 Heavy Plow
38:11 Stone Mining
39:25 Two-Man Saw
38:56 Town Watch
40:13 Conscription
39:53 Perfusion
39:14 Elite Huskarl
40:19 Elite Skirmisher
41:39 Ballistics
42:20 Chemistry
43:50 Blast Furnace
42:45 Bodkin Arrow
43:05 Leather Archer Armor
女生言午
11:13 Feudal Age
15:01 Castle Age
13:44 Horse Collar
13:52 Double-Bit Axe
18:08 Bow Saw
19:35 Wheelbarrow
19:43 Heavy Plow
22:06 Gold Mining
23:02 Hand Cart
22:41 Stone Mining
24:19 Gold Shaft Mining
31:22 Imperial Age
29:41 Loom
30:14 Grand Trunk Road
31:13 Ballistics
31:02 Thumb Ring
30:24 Pikeman
31:04 Squires
31:38 Arson
33:14 Chemistry
34:11 Scale Mail Armor
34:22 Forging
33:42 Elite Ghulam
35:16 Conscription
34:57 Shatagni
35:23 Chain Mail Armor
41:40 Heavy Camel Rider
42:21 Husbandry
42:32 Bloodlines
42:32 Scale Barding Armor
43:03 Iron Casting
thinker
0:33 Loom
12:34 Feudal Age
16:58 Castle Age
14:59 Horse Collar
15:41 Double-Bit Axe
16:24 Gold Mining
17:45 Heavy Plow
18:07 Bow Saw
18:44 Stone Mining
21:10 Stone Shaft Mining
30:13 Padded Archer Armor
35:11 Wheelbarrow
37:06 Gold Shaft Mining
37:00 Hand Cart
38:16 Fletching
38:41 Leather Archer Armor
38:49 Ballistics
41:38 Pikeman
Eleven
4:09 Loom
13:13 Feudal Age
28:18 Double-Bit Axe
29:57 Gold Mining
喧哗的都已沙哑
13:39 Feudal Age
14:41 Horse Collar
14:54 Gold Mining
14:53 Double-Bit Axe
17:42 Castle Age
16:52 Forging
16:48 Scale Barding Armor
16:57 Bloodlines
18:52 Wheelbarrow
18:45 Husbandry
19:43 Marauders
20:23 Iron Casting
20:09 Chain Barding Armor
27:52 Gold Shaft Mining
33:42 Imperial Age
31:30 Thumb Ring
35:57 Parthian Tactics
Connection lost

Rejoining the realm…

Still unreachable

The connection could not be restored.

Session expired

The server has moved on; the page needs a fresh start.